 Dungeon Crawl Stone Soup version 0.28.0-62-gf88900778d (webtiles) character file.

Game seed: 1680924974634731309

62 cbfl8 the Skirmisher (level 3, -2/29 HPs)
             Began as a Demonspawn Fighter on June 30, 2023.
             Slain by Grinder (5 damage)
             ... on level 3 of the Dungeon.
             The game lasted 00:01:24 (2202 turns).

cbfl8 the Skirmisher (Demonspawn Fighter)           Turns: 2202, Time: 00:01:25

Health: -2/29      AC:  7    Str: 16    XL:     3   Next: 85%
Magic:  3/3        EV:  9    Int:  9    God:
Gold:   84         SH:  4    Dex: 14    Spells: 2/2 levels left

rFire   . . .      SeeInvis .   a - +0 war axe
rCold   . . .      Faith    .   c - +0 buckler
rNeg    . . .      Spirit   .   b - +0 scale mail
rPois   .          Reflect  .   (no helmet)
rElec   .          Harm     .   (no cloak)
rCorr   .          Rampage  .   l - +0 pair of gloves
Will    .....                   (no boots)
Stlth   ..........              m - amulet of the acrobat
HPRegen 0.09/turn               (no ring)
MPRegen 0.08/turn               (no ring)

@: mighty
A: demonic guardian 1
a: no special abilities


You were on level 3 of the Dungeon.
You visited 1 branch of the dungeon, and saw 3 of its levels.

You collected 84 gold pieces.

Inventory:

Hand Weapons
 a - a +0 war axe (weapon)
Armour
 b - a +0 scale mail (worn)
 c - a +0 buckler (worn)
 l - a +0 pair of gloves (worn)
Jewellery
 m - an amulet of the acrobat (around neck)
Scrolls
 e - a scroll of fog {unknown}
 f - a scroll of noise {unknown}
 g - 2 scrolls of identify {unknown}
 h - a scroll of enchant weapon {unknown}
 k - a scroll of immolation {unknown}
 n - a scroll of teleportation {unknown}
Potions
 i - 2 potions of ambrosia {unknown}
 j - a potion of brilliance {unknown}


   Skills:
 + Level 3.1 Fighting
 * Level 2.6 Axes
 + Level 2.9 Armour
 * Level 0.7 Dodging
 * Level 1.0 Stealth
 + Level 2.8 Shields
 * Level 0.9 Invocations
 * Level 0.6 Evocations


You had 2 spell levels left.
You didn't know any spells.
Your spell library contained the following spells:

 Spells                   Type           Power      Damage    Failure   Level
 Animate Skeleton         Necr           0%         N/A       88%         1
 Apportation              Tloc           0%         N/A       88%         1
 Summon Small Mammal      Summ           0%         N/A       88%         1
 Corpse Rot               Necr/Air       0%         N/A       96%         2
 Poisonous Vapours        Pois/Air       0%         N/A       96%         2


Dungeon Overview and Level Annotations

Branches:
Dungeon (3/15)

Altars:

Annotations:
D:3 Grinder


Innate Abilities, Weirdness & Mutations

A weak demonic guardian rushes to your aid.


Message History

You resist with significant effort. The adder bites you.
You are poisoned.
The adder poisons you!
There are monsters nearby!
You closely miss the adder.
You feel sick. You block the adder's attack.
Grinder blinks!
The adder bites you.
You are more poisoned.
The adder poisons you!
An adder is nearby!
You hit the adder.
The adder is moderately wounded.
You feel very sick. The adder bites you but does no damage.
You closely miss the adder.
The adder is moderately wounded.
You feel sick. The adder barely misses you.
The adder bites you but does no damage.
You feel very mighty all of a sudden.
You feel sick. The adder bites you but does no damage.
You slice the adder!!
You kill the adder!
You feel sick.
You feel sick.
Grinder blinks!
You feel sick.
You are no longer poisoned.
Grinder gestures at you. Pain shoots through your body!
* * * LOW HITPOINT WARNING * * *
You hit Grinder.
Grinder is lightly wounded.
Grinder blinks!
You are too injured to fight recklessly!
Grinder blinks!
You block Grinder's attack.
You closely miss Grinder.
Grinder is lightly wounded.
Grinder hits you.
* * * LOW HITPOINT WARNING * * *
A demonic guardian appears!
You writhe in agony.
You die...

#..##........
#........#...
#..##..#.....
...####..##.####...
.........##.# ...
.#.####..##.### ..
#5.......
##.#.####5.######
#........@.#.....
##.#.####........
#..###### ...#
##..# ...# ##.# .#
##


You could see Grinder (ally target) and a friendly iron imp (summoned).

Vanquished Creatures
  An adder (D:3)
  2 dart slugs
  4 ball pythons
  8 bats
  5 endoplasms
  3 giant cockroaches
  2 goblins (D:1)
  4 hobgoblins
  2 quokkas (D:2)
  2 frilled lizards
  6 kobolds
  6 rats
45 creatures vanquished.

Notes
Turn   | Place    | Note
-------+----------+-------------------------------------------
     0 | D:1      | cbfl8 the Demonspawn Fighter began the quest for the Orb.
     0 | D:1      | Reached XP level 1. HP: 18/18 MP: 1/1
   232 | D:1      | Gained mutation: A weak demonic guardian rushes to your
                  | aid. [demonic ancestry]
   232 | D:1      | Reached XP level 2. HP: 21/24 MP: 2/2
   849 | D:2      | Found a faded altar of an unknown god.
   919 | D:2      | Reached XP level 3. HP: 29/29 MP: 3/3
  1772 | D:2      | Reached skill level 1 in Stealth
  2187 | D:3      | Noticed Grinder
  2202 | D:3      | Slain by Grinder

Illustrated notes

Levels and vault maps discovered:
D:1:      dpeg_cavernosity, layout_basic
D:2:      layout_basic, nicolae_ecumenical_pavilion, serial_glass,
          glass_columns_a, glass_columns_c, feat_on_display,
          minmay_strange_pillars, feat_on_display
D:3:      layout_basic, nicolae_elyvilon_temple_path,
          kennysheep_generic_room_14, uniq_grinder

Skill      XL: |  1  2  3 |
---------------+----------+-----
Axes           | 2 |  2.6
Stealth        | 1 |  1.0
Fighting       | |  3.1
Armour         | |  2.9
Dodging        | |  0.7
Shields        | |  2.8
Invocations    | |  0.9
Evocations     | |  0.6

Action                   || total
-------------------------++-------
Melee: War axe           ||   126
  Use: Potion            ||     1
Armor: Scale mail        ||    67
Dodge: Dodged            ||    57
Block: Buckler           ||    36
